AoeStats
← Malelf

Four Lakes

508304782Analyzed
1v1 RM · 10d ago on Sep 21, 2026· 21m 29s· 2 players
Game mode
Random Map
Map size
Tiny (2 player)
Population
200
Speed
Normal
Resources
Standard
Victory
Conquest
Starting age
Dark Age
Ending age
Imperial Age
RankedLock teamsTeams togetherTeam positionsShared explorationLock speedFull tech treeHidden civsTurbo modeCheats
Victory
Defeat
🇮🇹 Turks · Italy
1712
+14
1660
-14
The Guy With The Magic Keyboard
4:27 Double-Bit Axe
6:34 Loom
10:54 Feudal Age
19:10 Fletching
20:07 Horse Collar
Malelf
7:54 Loom
10:14 Feudal Age
10:54 Double-Bit Axe
15:51 Horse Collar
20:27 Castle Age
18:34 Loom
20:50 Castle Age
20:11 Scale Barding Armor
21:47 Forging
Connection lost

Rejoining the realm…

Still unreachable

The connection could not be restored.

Session expired

The server has moved on; the page needs a fresh start.